 Dungeon Crawl Stone Soup version 0.32-a0-909-gc671339a80 (webtiles) character file.

Game seed: 6964772151683722861

2395 Biggs the Skirmisher (level 9, -4/68 HPs)
             Began as a Coglin Hunter on Apr 7, 2024.
             Shot with an arrow by a centaur (10 damage)
             ... on level 7 of the Dungeon.
             The game lasted 00:10:20 (6021 turns).

Biggs the Skirmisher (Coglin Hunter)                Turns: 6021, Time: 00:10:21

Health: -4/68      AC:  5    Str: 12    XL:     9   Next: 46%
Magic:  9/9        EV: 14    Int:  9    God:
Gold:   293        SH:  0    Dex: 21    Spells: 8/8 levels left

rFire   . . .        a - +5 sling {Olga}
rCold   . . .        d - +0 sling {Chitauli}
rNeg    . . .        c - +0 leather armour
rPois   .            l - +0 helmet
rElec   .            D - +0 cloak
rCorr   .            (no gloves)
SInv    .            (no boots)
Will    .....        (amulet unavailable)
Stlth   ++           (ring unavailable)
HPRegen 0.31/turn    (ring unavailable)
MPRegen 0.11/turn    (no gizmo)

%: no passive effects
@: revved
A: off-hand wielding, slow wielding, warmup strikes, no jewellery
a: Invent Gizmo


You were on level 7 of the Dungeon.
You visited 1 branch of the dungeon, and saw 7 of its levels.
You also visited: Ossuary.

You collected 462 gold pieces.
You spent 169 gold pieces at shops.

Inventory:

Hand Weapons
 a - a +5 sling (weapon) {Olga}
 d - a +0 sling (offhand) {Chitauli}
Armour
 c - a +0 leather armour (worn)
 l - a +0 helmet (worn)
 D - a +0 cloak (worn)
Wands
 w - a wand of quicksilver (8)
Scrolls
 g - a scroll of enchant armour {unknown}
 h - a scroll of blinking
 j - 2 scrolls of teleportation
 k - 2 scrolls of poison
 m - 3 scrolls of vulnerability
 o - a scroll of immolation
 p - 3 scrolls of fear
 s - a scroll of noise
 t - 2 scrolls of amnesia
 u - a scroll of fog {unknown}
 y - 2 scrolls of revelation {unknown}
 C - a scroll of identify
 E - a scroll of summoning {unknown}
Potions
 b - a potion of might {unknown}
 e - 6 potions of curing {unknown}
 f - 3 potions of lignification {unknown}
 i - 2 potions of degeneration {unknown}
 n - 3 potions of berserk rage {unknown}
 q - 2 potions of enlightenment {unknown}
 r - 2 potions of cancellation {unknown}
 v - 2 potions of mutation {unknown}
 x - a potion of brilliance {unknown}
 z - a potion of attraction {unknown}
 A - 2 potions of heal wounds {unknown}
 B - a potion of magic {unknown}


   Skills:
 - Level 5.0 Fighting
 - Level 9.0 Ranged Weapons
 + Level 5.9 Dodging
 - Level 0.7 Stealth
 - Level 5.0 Evocations


You had 8 spell levels left.
You didn't know any spells.
Your spell library contained the following spells:

 Spells                   Type           Power      Damage    Failure   Level
 Freeze                   Ice            0%         1d3       45%         1
 Kiss of Death            Conj/Necr      0%         2d5       45%         1
 Sting                    Conj/Alch      0%         1d3       45%         1
 Call Imp                 Summ           0%         N/A       61%         2
 Mercury Vapours          Alch/Air       0%         N/A       61%         2
 Sublimation of Blood     Necr           0%         N/A       61%         2
 Confusing Touch          Hex            0%         N/A       83%         3
 Dazzling Flash           Conj/Hex       0%         N/A       83%         3
 Frozen Ramparts          Ice            0%         1d1       83%         3
 Hailstorm                Conj/Ice       0%         3d5       83%         3
 Maxwell's Portable Pile  Tloc           0%         2d(5-13)  83%         3
 Dispel Undead            Necr           0%         3d6       99%         4
 Olgreb's Toxic Radiance  Alch           0%         N/A       99%         4
 Arcjolt                  Conj/Air       0%         1d10      100%        5
 Starburst                Conj/Fire      0%         6d3       100%        6
 Summon Hydra             Summ           0%         N/A       100%        7
 Maxwell's Capacitive Co  Air            0%         ∞         100%        8


Dungeon Overview and Level Annotations

Branches:
Dungeon (7/15)             Temple (0/1) D:7         Ossuary (visited)

Altars:
Cheibriados
Gozag
Nemelex Xobeh
Ru
Wu Jian
Yredelemnul
Zin

Shops:
D:1 :?=   D:5 =   D:6 *

Annotations:
D:3 2 transporters, justen's ghost, weakling OpSh


Innate Abilities, Weirdness & Mutations

You can wield a second weapon in your off-hand.
It takes a long time for you to wield or remove held weapons.
Your first few attacks do less damage.
You cannot equip rings or amulets.


Message History

Press: ? - help, Q - select action, (/) - cycle Shift-Dir - straight line, f - centaur
Aim: a centaur, wielding a +0 orcbow (79% to hit)
You shoot a sling bullet.
The sling bullet hits the centaur but does no damage.
You shoot a sling bullet. The sling bullet hits the centaur.
The centaur is lightly wounded.
The centaur shoots an arrow.
The arrow hits you!
* * * LOW HITPOINT WARNING * * *
The centaur shoots an arrow.
The arrow misses you.
Fire: a) +5 sling {Olga}
Press: ? - help, Q - select action, (/) - cycle Shift-Dir - straight line, f/p - centaur
Aim: a centaur, wielding a +0 orcbow (lightly wounded, 79% to hit)
You shoot a sling bullet.
The sling bullet hits the centaur but does no damage.
The centaur is lightly wounded.
You shoot a sling bullet. The sling bullet hits the centaur.
The centaur is lightly wounded.
The centaur shoots an arrow.
The arrow hits you.
* * * LOW HITPOINT WARNING * * *
Unknown command.
Fire: a) +5 sling {Olga}
Press: ? - help, Q - select action, (/) - cycle Shift-Dir - straight line, f/p - centaur
Aim: a centaur, wielding a +0 orcbow (lightly wounded, 79% to hit)
You shoot a sling bullet. The sling bullet hits the centaur.
The centaur is moderately wounded.
You shoot a sling bullet.
The sling bullet barely misses the centaur.
The centaur shoots an arrow.
The arrow hits you!
* * * LOW HITPOINT WARNING * * *
Unknown command.
Fire: a) +5 sling {Olga}
Press: ? - help, Q - select action, (/) - cycle Shift-Dir - straight line, f/p - centaur
Aim: a centaur, wielding a +0 orcbow (moderately wounded, 79% to hit)
You shoot a sling bullet.
The sling bullet barely misses the centaur.
You shoot a sling bullet. The sling bullet hits the centaur!
The centaur is heavily wounded.
The centaur shoots an arrow.
The arrow hits you!
You die...

#K#.######...............##
..#......#................#
#F#........................
.##...###.....###†#........
#..# #~~~~~~~~~#.#..#.....
... (#~#.....#~#...##.##..
. ..~.......~..#........
...~.c.....~..#........
....~...>@..~............
....~.......~..###....#...
..~.......~.............
.#~#.....#~#............
#~~~~~~~~~#............
###.....###............
......................
?..##.....#...........
.......#...........


You could see a centaur.

Vanquished Creatures
  Pikel (D:4)
  A black bear (D:6)
  2 sky beasts (D:6)
  A centaur (D:6)
  3 lemures
  A weeping skull (D:3)
  3 bullfrogs
  2 scorpions
  7 wights (D:6)
  2 bombardier beetles
  6 hounds
  2 orc priests (D:5)
  Crazy Yiuf (D:2)
  A jelly (D:6)
  2 iguanas
  An orc wizard (D:4)
  8 mummies (Ossuary)
  Robin (D:4)
  7 gnolls
  7 adders
  2 shadow imps
  A white imp (D:5)
  4 ufetubi (D:6)
  3 dart slugs
  32 orcs
  7 bats
  8 endoplasms
  5 giant cockroaches
  2 gnoll zombies (Ossuary)
  17 goblins
  8 hobgoblins
  5 kobolds
  6 quokkas
  4 ball pythons
  2 frilled lizards
  2 hobgoblin zombies (Ossuary)
  2 kobold zombies (Ossuary)
  2 orc zombies (Ossuary)
  5 rats
  A spectral orc (D:3)
177 creatures vanquished.

Notes
Turn   | Place    | Note
-------+----------+-------------------------------------------
     0 | D:1      | Biggs the Coglin Hunter began the quest for the Orb.
     0 | D:1      | Reached XP level 1. HP: 16/16 MP: 1/1
    42 | D:1      | Reached skill level 4 in Ranged Weapons
    42 | D:1      | Reached XP level 2. HP: 22/22 MP: 2/2
    73 | D:1      | Found Koagh's Book Shop.
   102 | D:1      | Found Noerr's Jewellery Emporium.
   523 | D:1      | Found Zontaggy's Magic Scroll Emporium.
   526 | D:1      | Bought a scroll of identify for 26 gold pieces
   526 | D:1      | Bought a scroll of identify for 26 gold pieces
   974 | D:2      | Reached XP level 3. HP: 27/27 MP: 3/3
  1108 | D:2      | Found Lonkofu's Antique Weapon Emporium.
  1276 | D:2      | Reached skill level 5 in Ranged Weapons
  1276 | D:2      | Reached XP level 4. HP: 33/33 MP: 4/4
  1379 | D:2      | Found a runed translucent door.
  1380 | D:2      | Noticed Crazy Yiuf
  1670 | D:3      | Found a transporter.
  1681 | D:3      | Found a transporter.
  1783 | D:3      | Found a sparkling altar of Nemelex Xobeh.
  1835 | D:3      | Reached XP level 5. HP: 38/38 MP: 5/5
  2004 | D:3      | Reached skill level 6 in Ranged Weapons
  2029 | D:3      | Noticed justen's ghost (weakling OpSh)
  2051 | D:3      | Found a basalt altar of Yredelemnul.
  2051 | D:3      | Noticed a weeping skull
  2068 | D:3      | Killed a weeping skull
  2069 | D:3      | Reached XP level 6. HP: 31/44 MP: 6/6
  2392 | D:4      | Noticed Pikel
  2681 | D:1      | Bought a scroll of teleportation for 39 gold pieces
  2954 | D:4      | Noticed Robin
  2959 | D:4      | Killed Robin
  2977 | D:4      | Reached skill level 7 in Ranged Weapons
  3041 | D:4      | Killed Pikel
  3042 | D:4      | Reached skill level 8 in Ranged Weapons
  3042 | D:4      | Reached XP level 7. HP: 13/50 MP: 7/7
  3382 | D:5      | Entered Level 5 of the Dungeon
  3427 | D:5      | Found an ornate altar of the Wu Jian Council.
  3478 | D:5      | Reached XP level 8. HP: 56/56 MP: 8/8
  3488 | D:5      | Reached skill level 9 in Ranged Weapons
  3642 | D:5      | Found a sacrificial altar of Ru.
  3653 | D:5      | Found Pihukap's Jewellery Shoppe.
  3701 | D:5      | Found a snail-covered altar of Cheibriados.
  4292 | D:6      | Found Zin's Purification Station.
  4299 | D:6      | Found a glowing silver altar of Zin.
  4309 | D:6      | Reached skill level 5 in Fighting
  4486 | D:6      | Found a sand-covered staircase.
  4495 | Ossuary  | Entered an ossuary
  4694 | D:6      | Reached skill level 5 in Evocations
  4778 | D:6      | Reached XP level 9. HP: 33/68 MP: 9/9
  5059 | D:6      | Found an opulent altar of Gozag.
  5175 | D:6      | Reached skill level 5 in Dodging
  5654 | D:1      | Bought a scroll of identify for 26 gold pieces
  5654 | D:1      | Bought a scroll of fear for 52 gold pieces
  5742 | D:2      | Killed Crazy Yiuf
  5959 | D:7      | Found a staircase to the Ecumenical Temple.
  6021 | D:7      | Shot with an arrow by a centaur

Illustrated notes

Levels and vault maps discovered:
D:1:      lightli_molten_gateway, layout_basic, serial_shops,
          nicolae_shop_real_fake_doors, nicolae_square_shop,
          nicolae_book_shop_shelving
D:2:      layout_loops_ring, serial_shops, shop_fountains,
          uniq_crazy_yiuf_cottage
D:3:      layout_loops_ring, marbit_many_paths,
          yredelemnul_forgotten_temple_becter, gammafunk_ghost_stat_death,
          wad_floor_pattern_1
D:4:      layout_rooms, uniq_robin, uniq_pikel
D:5:      layout_gridville, slow_altar_2, nzn_wu_jian_contemplation,
          lemuel_tele_altar, serial_shops, shop, hangedman_abyss_or_decor_stabs,
          serial_bayou_lagoon_b
D:6:      layout_gridville, nicolae_gozag_seed_capital, zin_purify,
          lightli_ossuary_entry_decrepit_ruins
D:7:      layout_cave_pools, general_overflow_altar,
          nicolae_tso_carved_into_rock, minmay_temple_entry_water_ring,
          minmay_checkerbox

Skill      XL: |  1  2  3  4  5  6  7  8  9 |
---------------+----------------------------+-----
Ranged Weapons | 4 5 6 8 9 |  9.0
Fighting       | 5 |  5.0
Dodging        | 3 5 |  5.9
Evocations     | 5 |  5.0
Stealth        | |  0.7

Action                     |  1- 3 |  4- 6 |  7- 9 || total
---------------------------+-------+-------+-------++-------
   Fire: Sling             |   132 |   356 |   468 ||   956
  Evoke: Wand              |       |       |     2 ||     2
    Use: Scroll            |       |    10 |     2 ||    12
 Armour: Leather armour    |     5 |    41 |    59 ||   105
  Dodge: Dodged            |     5 |    37 |    53 ||    95

Table legend: (Time is in decaauts)
 A = Elapsed time spent in this place.
 B = Non-inter-level travel time spent in this place.
 C = Inter-level travel time spent in this place.
 D = Time resting spent in this place.
 E = Time spent auto-exploring this place.
 F = Levels seen in this place.
 G = Mean time per level.
                   A        B        C        D        E       F      G
               +--------+--------+--------+--------+--------+-----+--------+
         Total |   6062 |   5387 |    675 |    299 |   4008 |   8 |  757.8 |
       Dungeon |   5875 |   5200 |    675 |    299 |   3891 |   7 |  839.3 |
       Ossuary |    186 |    186 |      0 |      0 |    117 |   1 |  186.0 |
               +--------+--------+--------+--------+--------+-----+--------+

Top non-repeatable levels by time:
     D:6: 1073 daAuts
     D:1: 980 daAuts
     D:3: 977 daAuts
     D:5: 936 daAuts
     D:2: 900 daAuts
     D:4: 808 daAuts
     D:7: 197 daAuts
 Ossuary: 186 daAuts
